 Dungeon Crawl Stone Soup version 0.17.1-1-g73c8601 (webtiles) character file.

44 ololoev the Chopper (level 3, 0/29 HPs)
             Began as a Demonspawn Fighter on Dec 23, 2015.
             Succumbed to an adder's poison
             ... on level 3 of the Dungeon.
             The game lasted 00:02:39 (405 turns).

ololoev the Chopper (Demonspawn Fighter)             Turns: 405, Time: 00:02:39

Health: 0/29       AC:  6    Str: 17    XL:     3   Next: 39%
Magic:  3/3        EV: 11    Int:  9    God:
Gold:   43         SH:  9    Dex: 17    Spells: 0 memorised, 2 levels left

rFire  . . .     SeeInvis .     a - +0 war axe
rCold  . . .     Clarity  .     b - +0 scale mail
rNeg   . . .     SustAt   .     c - +0 shield
rPois  .         Gourm    .     (no helmet)
rElec  .         Spirit   .     (no cloak)
rCorr  .         Warding  .     (no gloves)
rMut   .         Stasis   .     (no boots)
MR     .....                    (no amulet)
Stlth  +++.......               (no ring)
                                (no ring)

@: agile, lethally poisoned (0 -> -7), not resistant to hostile enchantments,
fairly stealthy
A: nightstalker 2
a: no special abilities


Innate Abilities, Weirdness & Mutations

You are significantly more attuned to the shadows.

Inventory:

Hand Weapons
 a - a +0 war axe (weapon)
Armour
 b - a +0 scale mail (worn)
 c - a +0 shield (worn)
Scrolls
 d - 2 scrolls of recharging {unknown}
 f - 3 scrolls of random uselessness {unknown}
 g - a scroll of enchant weapon {unknown}
Comestibles
 e - a bread ration


   Skills:
 - Level 3.0 Fighting
 * Level 3.4 Axes
 - Level 2.6 Armour
 - Level 2.6 Shields


You had 2 spell levels left.
You didn't know any spells.


You were on level 3 of the Dungeon.
You were not hungry.

You visited 1 branch of the dungeon, and saw 3 of its levels.

You collected 43 gold pieces.

#. #.#
#.# #.#
..####.#
.....@#
..#.#S.#
.. #.#.#
..
...#.# .
..# #.#
...+ #.

Notes
Turn   | Place    | Note
--------------------------------------------------------------
     0 | D:1      | ololoev the Demonspawn Fighter began the quest for the Orb.
     0 | D:1      | Reached XP level 1. HP: 18/18 MP: 1/1
    51 | D:1      | Found a glowing golden altar of the Shining One.
   116 | D:2      | Found a glowing golden altar of the Shining One.
   123 | D:2      | Gained mutation: You are slightly more attuned to the shadows. [demonic ancestry]
   123 | D:2      | Reached XP level 2. HP: 21/24 MP: 2/2
   165 | D:2      | Gained mutation: You are significantly more attuned to the shadows. [demonic ancestry]
   165 | D:2      | Reached XP level 3. HP: 15/29 MP: 3/3
   404 | D:3      | HP: 1/29 [adder (4)]
   405 | D:3      | Succumbed to an adder's poison

Dungeon Overview and Level Annotations

Branches:
Dungeon (3/15)

Altars:
The Shining One


Message History

The helpless bat fails to defend itself.
You hit the bat.
You kill the bat!
You see here a bat corpse.
Found 4 gold pieces and a robe.
Found a stone staircase leading down.
You now have 43 gold pieces (gained 4).
There is a stone staircase leading down here.
You climb downwards.
A ball python and an adder come into view.
There is a stone staircase leading up here.
The helpless ball python fails to defend itself.
You slash the ball python!
You kill the ball python!
You closely miss the adder. The adder bites you.
You are poisoned.
The adder poisons you! The adder bites you.
You miss the adder.
You feel sick. The adder barely misses you.
The adder bites you but does no damage.
You hit the adder.
The adder is moderately wounded.
You feel sick. You block the adder's attack.
You slash the adder!
The adder is almost dead.
You block the adder's attack. x2
You closely miss the adder.
The adder is almost dead.
The adder bites you. x2
Your shield and scale mail prevent you from hitting the adder.
The adder is almost dead.
You feel sick. The adder bites you. The adder bites you but does no damage.
Your shield and scale mail prevent you from hitting the adder.
The adder is almost dead.
The adder bites you but does no damage. The adder bites you.
You are more poisoned.
The adder poisons you!
Drink which item? (? for menu, Esc to quit)
It was a potion of agility.
You feel agile all of a sudden.
You die...

You could see an adder.

Vanquished Creatures
  An adder (D:2)
  An ooze (D:1)
  A worm (D:2)
  A ball python (D:3)
  4 bats
  4 hobgoblins
  3 jackals (D:2)
  3 kobolds (D:2)
  2 giant newts
  3 goblins
  3 rats
26 creatures vanquished.

Action                   || total
-------------------------++-------
Melee: War axe           ||    69
  Use: Potion            ||     2
 Stab: Sleeping          ||     3

Vault maps used:
D:1:      lightli_arrival_isolated_outpost, tso_metal_star
D:2:      old_standard_altar
D:3:      first_bread
